 Dungeon Sprint DCSS version 0.30.1-9-gdf580d7c3d (webtiles) character file.

Game seed: 11554083521864175151

22372 Heoruswealwe the Phalangite (level 12, -12/132 HPs)
             Began as a Minotaur Fighter on Sept 26, 2023.
             Was an Initiate of Gozag.
             Killed from afar by a frost giant (56 damage)
             ... with a bolt of cold
             ... in the Dungeon (Sprint IX: "|||||||||||||||||||||||||||||").
             The game lasted 00:29:47 (1886 turns).

Heoruswealwe the Phalangite (Minotaur Fighter)      Turns: 1886, Time: 00:29:48

Health: -12/132    AC: 22    Str: 26    XL:     12   Next: 62%
Magic:  11/11      EV:  7    Int:  5    God:    Gozag
Gold:   563        SH: 18    Dex: 10    Spells: 11/11 levels left

rFire   + . .        a - +11 Screaming Sword {sonic wave}
rCold   . . .        d - +1 tower shield
rNeg    . . .        c - +0 storm dragon scales
rPois   .            g - +0 hat
rElec   +            h - +0 cloak
rCorr   .            f - +0 pair of gloves
SInv    .            (no boots)
Will    .....        i - amulet of reflection Stlth
                     k - ring of protection from fire
HPRegen 0.42/turn    (no ring)
MPRegen 0.12/turn

%: no teleportation, reflection
@: no status effects
A: horns 2, retaliatory headbutt
a: Renounce Religion, Potion Petition, Call Merchant, Bribe Branch


You were in the Dungeon.
You worshipped Gozag.
Gozag was pleased with you.
You visited 1 branch You collected 7537 gold pieces.
You spent 2005 gold pieces at shops.
You paid 4969 gold pieces to Gozag.

Inventory:

Hand Weapons
 a - the +11 Screaming Sword (weapon) {sonic wave}
   (You found it in the Dungeon)
 b - the +11 plutonium sword {Contam Stlth-}
   (You found it in the Dungeon)

   Contam:    It causes magical contamination when unequipped.
   Stlth:     It makes you less stealthy.
 w - a +1 glaive
Armour
 c - +0 storm dragon scales (worn)
 d - a +1 tower shield (worn)
 f - a +0 pair of gloves (worn)
 g - a +0 hat (worn)
 h - a +0 cloak (worn)
Jewellery
 i - an amulet of reflection (around neck)
 k - a ring of protection from fire (left hand)
Wands
 o - a wand of iceblast (10)
 t - a wand of mindburst (15)
 u - a wand of digging (7)
Scrolls
 m - 4 scrolls of enchant armour
 p - 8 scrolls of blinking
 q - 4 scrolls of identify
Potions
 e - 7 potions of curing
 l - 3 potions of might
 n - a potion of invisibility
 r - 6 potions of heal wounds
 v - 4 potions of haste
 x - 2 potions of berserk rage
Miscellaneous
 s - a box of beasts


   Skills:
 + Level 19.9 Fighting
 * Level 26.7 Polearms
 + Level 19.9 Armour
 - Level 3.6 Shields


You had 11 spell levels left.
You didn't know any spells.
Your spell library was empty.

Dungeon Overview and Level Annotations

Branches:
Dungeon (1/1)

Altars:
Cheibriados
Dithmenos
Elyvilon
Fedhas
Gozag
Hepliaklqana
Kikubaaqudgha
Makhleb
Nemelex Xobeh
Okawaru
Qazlal
Ru
Sif Muna
Trog
Uskayaw
Vehumet
Wu Jian
Xom
Yredelemnul
Zin
The Shining One
Jiyva
Lugonu

Shops:
D *=*(==[*(


Innate Abilities, Weirdness & Mutations

You have a pair of horns on your head.
You reflexively headbutt those who attack you in melee.


Message History

The frost giant casts a spell at you. The bolt of cold hits you!!
The stone giant is distracted by your dazzling golden aura.
The stone giant shouts!
You slash the frost giant! You headbutt the frost giant!
The frost giant is heavily wounded.
The ice dragon is no longer distracted by gold.
You block the frost giant's attack.
The fire dragon is distracted by your dazzling golden aura.
The fire giant is distracted by your dazzling golden aura.
The frost giant is distracted by your dazzling golden aura.
The fire giant shouts!
The frost giant shouts!
You slash the frost giant!
The frost giant is no longer distracted by gold.
Your headbutt misses the frost giant.
The frost giant is severely wounded.
The fire dragon is no longer distracted by gold.
The stone giant is no longer distracted by gold.
The frost giant is distracted by your dazzling golden aura.
The fire dragon is distracted by your dazzling golden aura.
The ice dragon is distracted by your dazzling golden aura.
The ice dragon roars deafeningly!
The fire dragon roars deafeningly!
The frost giant shouts!
You slice the frost giant!!
The frost giant is no longer distracted by gold.
The frost giant is almost dead.
The fire giant is no longer distracted by gold.
The frost giant casts a spell at you. The bolt of cold hits you!!
You slash the frost giant!
The frost giant is almost dead.
The ice dragon is no longer distracted by gold.
The fire dragon is no longer distracted by gold.
The frost giant casts a spell at you. The bolt of cold misses you.
A fire giant comes into view.
It is wielding a +0 great sword of flaming.
The frost giant gestures at you while chanting.
The bolt of cold hits you!!!
You die...
Your body crumbles into a pile of gold.

[[...'..)?........'.........'....
▓▓▓▓▓▓▓▓▓▓▓▓▓▓▓▓▓▓▓▓▓▓▓▓▓▓▓▓▓▓▓▓▓
.........................).......
▓▓▓▓▓▓▓▓▓▓▓▓▓▓▓▓▓▓▓▓▓▓▓▓▓▓▓▓▓▓▓▓▓
.'.∩.∩.∩.∩.∩.∩.".))'.....)[)))).)
▓▓▓▓▓▓▓▓▓▓▓▓▓▓▓▓▓▓▓▓▓▓▓▓▓▓▓▓▓▓▓▓▓
.......................(....)....
▓▓▓▓▓▓▓▓▓▓▓▓▓▓▓▓▓▓▓▓▓▓▓▓▓▓▓▓▓▓▓▓▓
,+,,,,,,,.CCDDCC@$.?......!.[[[.[
*********▓▓▓▓▓▓▓▓▓▓▓▓▓▓▓▓▓▓▓▓▓▓▓▓
,,,,,,,,,,,,,,,,,,,,,,,,,,,,,,,,,
*********************************
,,,,+,,,,,,,,,+,,~~~,,,,+,,,,,,,,
*********************************
,,,,,,,,,,,,,,,,,,,,,,,,,,,,,,,,,
*********************************
,+,,,,,,,,,,,,,,,,,,,,,+,,,,,,,,,


You could see a frost giant, 2 fire giants, a fire dragon, an ice dragon and a
stone giant.

Vanquished Creatures
  Gastronok (D)
  A stone giant (D)
  Harold (D)
  A hydra (D)
  Erolcha (D)
  4 centaur warriors (D)
  An ogre mage (D)
  2 two-headed ogres (D)
  8 orc high priests (D)
  A tengu warrior (D)
  A skyshark (D)
  A harpy (shapeshifter) (D)
  2 orc knights (D)
  An ugly thing (D)
  A black mamba (D)
  Maurice (D)
  2 cane toads (D)
  A rime drake (D)
  4 komodo dragons (D)
  2 blink frogs (D)
  2 dream sheep (D)
  A slime creature (D)
  A wraith (D)
  2 wyverns (D)
  A vampire mosquito (D)
  4 water moccasins (D)
  A hell hound (D)
  13 orc warriors (D)
  7 wolves (D)
  2 centaurs (D)
  A phantom (D)
  A scorpion (D)
  A wight (D)
  6 orc priests (D)
  4 orc wizards (D)
  A sleepcap (D)
  7 orcs (D)
  A ball python (D)
  A frilled lizard (D)
  A giant cockroach simulacrum (D)
  3 kobolds (D)
98 creatures vanquished.

Vanquished Creatures (others)
  A centaur warrior (D)
1 creature vanquished.

Grand Total: 99 creatures vanquished

Notes
Turn   | Place    | Note
-------+----------+-------------------------------------------
     0 | D        | Heoruswealwe the Minotaur Fighter began the quest for the
                  | Orb.
     0 | D        | Reached XP level 1. HP: 19/19 MP: 0/0
     9 | D        | Reached skill level 3 in Polearms
    55 | D        | Noticed a phantom
    55 | D        | Noticed a centaur
    55 | D        | Noticed a sleepcap
    63 | D        | Killed a sleepcap
    64 | D        | Reached skill level 5 in Fighting
    64 | D        | Reached skill level 5 in Polearms
    64 | D        | Reached skill level 5 in Armour
    64 | D        | Reached XP level 2. HP: 22/29 MP: 1/1
    64 | D        | Reached XP level 3. HP: 27/36 MP: 2/2
    69 | D        | Killed a centaur
    70 | D        | Reached skill level 8 in Polearms
    70 | D        | Reached XP level 4. HP: 25/45 MP: 3/3
    77 | D        | Killed a phantom
    78 | D        | Reached skill level 9 in Polearms
    78 | D        | Reached XP level 5. HP: 24/52 MP: 4/4
    87 | D        | Found a snail-covered altar of Cheibriados.
    87 | D        | Found a shadowy altar of Dithmenos.
    87 | D        | Found a white marble altar of Elyvilon.
    87 | D        | Found a blossoming altar of Fedhas.
    87 | D        | Found an opulent altar of Gozag.
    88 | D        | Found a hazy altar of Hepliaklqana.
    89 | D        | Found a viscous altar of Jiyva.
    90 | D        | Found an ancient bone altar of Kikubaaqudgha.
    91 | D        | Found a corrupted altar of Lugonu.
    92 | D        | Found a burning altar of Makhleb.
    93 | D        | Found a sparkling altar of Nemelex Xobeh.
    94 | D        | Found an iron altar of Okawaru.
    95 | D        | Became a worshipper of Gozag Ym Sagoz the Greedy
    96 | D        | Found a stormy altar of Qazlal.
    97 | D        | Found a sacrificial altar of Ru.
    98 | D        | Found a shimmering blue altar of Sif Muna.
    99 | D        | Found a bloodstained altar of Trog.
   100 | D        | Found a hide-covered altar of Uskayaw.
   101 | D        | Found a radiant altar of Vehumet.
   102 | D        | Found an ornate altar of the Wu Jian Council.
   103 | D        | Found a shimmering altar of Xom.
   104 | D        | Found a basalt altar of Yredelemnul.
   105 | D        | Found a glowing silver altar of Zin.
   106 | D        | Found a glowing golden altar of the Shining One.
   114 | D        | Found the +11 Singing Sword {sonic wave}
   177 | D        | Noticed a two-headed ogre
   177 | D        | Noticed a wyvern
   177 | D        | Noticed a two-headed ogre
   177 | D        | Noticed a komodo dragon
   177 | D        | Noticed a centaur
   180 | D        | Killed a centaur
   181 | D        | Reached skill level 11 in Polearms
   181 | D        | Reached XP level 6. HP: 61/62 MP: 5/5
   181 | D        | Killed a komodo dragon
   182 | D        | Reached skill level 13 in Polearms
   182 | D        | Reached XP level 7. HP: 71/71 MP: 6/6
   183 | D        | Killed a wyvern
   183 | D        | Killed a two-headed ogre
   184 | D        | Reached skill level 15 in Polearms
   184 | D        | Reached XP level 8. HP: 82/82 MP: 7/7
   185 | D        | Killed a two-headed ogre
   186 | D        | Reached skill level 16 in Polearms
   208 | D        | Noticed a slime creature
   208 | D        | Noticed a tengu warrior
   208 | D        | Noticed a centaur warrior
   208 | D        | Noticed a centaur warrior
   213 | D        | Killed a centaur warrior
   214 | D        | Reached skill level 17 in Polearms
   214 | D        | Reached XP level 9. HP: 53/93 MP: 8/8
   214 | D        | Killed a tengu warrior
   214 | D        | Killed a centaur warrior
   215 | D        | Reached skill level 19 in Polearms
   219 | D        | Reached XP level 10. HP: 63/104 MP: 9/9
   430 | D        | Noticed a cane toad
   432 | D        | Reached skill level 20 in Polearms
   435 | D        | Killed a cane toad
   436 | D        | Reached skill level 15 in Fighting
   436 | D        | Reached skill level 15 in Armour
   527 | D        | Noticed a cane toad
   527 | D        | Noticed a skyshark
   527 | D        | Noticed a black mamba
   531 | D        | Killed a black mamba
   532 | D        | Reached skill level 21 in Polearms
   533 | D        | Killed a cane toad
   538 | D        | Killed a skyshark
   547 | D        | Reached XP level 11. HP: 73/115 MP: 10/10
   665 | D        | Reached skill level 22 in Polearms
   810 | D        | Noticed Erolcha
   816 | D        | Killed Erolcha
   917 | D        | Noticed an orc knight
   930 | D        | Killed an orc knight
  1056 | D        | Noticed an orc knight
  1064 | D        | Killed an orc knight
  1065 | D        | Reached skill level 23 in Polearms
  1168 | D        | Found Hyithioq's Weapon Boutique.
  1168 | D        | Noticed an orc high priest
  1168 | D        | Noticed an orc high priest
  1168 | D        | Noticed an orc high priest
  1169 | D        | Noticed an orc high priest
  1171 | D        | Found Teral's General Store.
  1173 | D        | Noticed an orc high priest
  1175 | D        | Killed an orc high priest
  1175 | D        | Noticed an orc high priest
  1180 | D        | Killed an orc high priest
  1181 | D        | Noticed a soul eater
  1182 | D        | Killed an orc high priest
  1183 | D        | Reached skill level 24 in Polearms
  1187 | D        | Killed an orc high priest
  1188 | D        | Noticed an orc high priest
  1189 | D        | Found Veinuota's Armour Boutique.
  1191 | D        | Noticed a sun demon
  1198 | D        | Killed an orc high priest
  1199 | D        | Killed an orc high priest
  1199 | D        | Noticed an orc high priest
  1202 | D        | Noticed a sun demon
  1203 | D        | Killed an orc high priest
  1204 | D        | Reached XP level 12. HP: 59/128 MP: 11/11
  1212 | D        | Killed an orc high priest
  1213 | D        | Reached skill level 25 in Polearms
  1215 | D        | Found Ophu Zuz's Jewellery Shop.
  1403 | D        | Bought a potion of haste for 130 gold pieces
  1403 | D        | Bought a potion of lignification for 39 gold pieces
  1403 | D        | Bought 2 scrolls of magic mapping for 195 gold pieces
  1403 | D        | Bought a potion of heal wounds for 65 gold pieces
  1442 | D        | Bought a potion of might for 56 gold pieces
  1442 | D        | Bought 3 scrolls of identify for 84 gold pieces
  1442 | D        | Bought a potion of heal wounds for 70 gold pieces
  1442 | D        | Bought a box of beasts for 560 gold pieces
  1442 | D        | Bought 2 potions of curing for 84 gold pieces
  1448 | D        | Bought a heavily runed lead amulet for 145 gold pieces
  1448 | D        | Identified the amulet "Dyeluh" {Spirit +Inv rF+} (You
                  | bought it in a shop in the Dungeon)
  1448 | D        | Bought a potion of haste for 290 gold pieces
  1448 | D        | Bought a potion of berserk rage for 145 gold pieces
  1448 | D        | Bought a glowing iron wand for 116 gold pieces
  1448 | D        | Bought a murky puce potion for 26 gold pieces
  1542 | D        | Noticed Maurice
  1551 | D        | Killed Maurice
  1580 | D        | Noticed Gastronok
  1591 | D        | Killed Gastronok
  1692 | D        | Noticed Harold
  1700 | D        | Killed Harold
  1767 | D        | Found the +11 plutonium sword {Contam Stlth-}
  1869 | D        | Noticed a centaur warrior
  1869 | D        | Noticed a six-headed hydra
  1869 | D        | Noticed an ogre mage
  1871 | D        | Noticed a centaur warrior
  1872 | D        | Killed an ogre mage
  1873 | D        | Noticed a stone giant
  1875 | D        | Noticed a frost giant
  1876 | D        | Killed a centaur warrior
  1876 | D        | Killed a nine-headed hydra
  1877 | D        | Reached skill level 26 in Polearms
  1877 | D        | Noticed a stone giant
  1877 | D        | Killed a centaur warrior
  1877 | D        | Noticed a centaur warrior
  1878 | D        | Noticed a fire dragon
  1879 | D        | Noticed an ice dragon
  1881 | D        | Noticed a fire giant
  1882 | D        | Killed a stone giant
  1882 | D        | Killed a centaur warrior
  1886 | D        | Noticed a fire giant
  1886 | D        | Killed from afar by a frost giant

Illustrated notes

Levels and vault maps discovered:
D:        linesprint [early_d, line_temple, items_1, d_10, items_2, lair_1,
          lair_end, items_3, orc_1, orc_end, items_4, d_15, swamp_1, shoals_1,
          snake_1, spider_1, d_20, vaults_1, items_5, swamp_end, shoals_end,
          snake_end, spider_end, vaults_end, d_27, items_6, zot_1, zot_end,
          crypt_end, forest_end, elf_end, slime_end, tomb_end, abyss_end,
          pan_hell_end]

Skill      XL: |  1  2  3  4  5  6  7  8  9 10 11 12 |
---------------+-------------------------------------+-----
Polearms       | 5 8 9 11 13 15 17 19 21 24 26 | 26.7
Fighting       | 5 6 7 8 9 11 13 14 16 18 19 | 19.9
Armour         | 5 6 7 8 9 11 13 14 16 18 19 | 19.9
Shields        | |  3.6

Action                     |  1- 3 |  4- 6 |  7- 9 | 10-12 || total
---------------------------+-------+-------+-------+-------++-------
  Melee: Trident           |    25 |     8 |       |       ||    33
         Headbutt          |     6 |     1 |     4 |    45 ||    56
         Double sword      |       |     3 |     9 |   150 ||   162
 Invoke: Call Merchant     |       |       |       |     5 ||     5
    Use: Potion            |       |       |       |     8 ||     8
         Scroll            |       |       |       |     2 ||     2
   Stab: Distracted        |       |       |       |     2 ||     2
 Armour: Scale mail        |    13 |     5 |    10 |    38 ||    66
         Plate armour      |       |       |       |    38 ||    38
         Storm dragon scal |       |       |       |    19 ||    19
  Dodge: Dodged            |     9 |     6 |     8 |    65 ||    88
  Block: Buckler           |     5 |     1 |     1 |       ||     7
         Kite shield       |       |       |       |    36 ||    36
         Tower shield      |       |       |       |    18 ||    18
